 Dungeon Crawl Stone Soup version 0.20-a0-1101-g1de9d76 (webtiles) character file.

4211 bewbie the Basher (level 10, 0/88 HPs)
             Began as an Ogre Hunter on May 4, 2017.
             Was an Initiate of Ashenzari.
             Succumbed to Erica's bolt of poison
             ... on level 8 of the Dungeon.
             The game lasted 00:40:18 (15737 turns).

bewbie the Basher (Ogre Hunter)                    Turns: 15737, Time: 00:40:18

Health: 0/88       AC:  4    Str: 20 (23) XL:     10   Next: 29%
Magic:  10/10      EV: 13    Int: 16 (17) God:    Ashenzari [......]
Gold:   346        SH:  0    Dex:  9 (12) Spells: 9/9 levels left

rFire    . . .     SeeInvis .   a - +0 flail (protect) (curse)
rCold    + . .     Gourm    .   (no shield)
rNeg     . . .     Faith    .   z - +1 robe {rC+}
rPois    .         Spirit   .   (helmet restricted)
rElec    .         Reflect  .   (no cloak)
rCorr    .         Harm     .   (gloves unavailable)
MR       ++...                  (boots unavailable)
Stlth    +.........             (no amulet)
Regen    0.3/turn               (no ring)
MPRegen  0.2/turn               (no ring)

@: mighty, brilliant, lethally poisoned (0 -> 0), hasted (expiring), very quick
A: unfitting armour, antennae 1, magic resistance 1, tough skin 1
a: Curse Item, Renounce Religion


You were on level 8 of the Dungeon.
You worshipped Ashenzari.
Ashenzari was noncommittal.
You were very hungry.

You visited 2 branches of the dungeon, and saw 10 of its levels.

You collected 532 gold pieces.
You spent 186 gold pieces at shops.

Inventory:

Hand Weapons
 a - a cursed +0 flail of protection (weapon)
 b - a +4 flail
Missiles
 c - 5 large rocks
 d - 3 throwing nets
 e - 121 stones (quivered)
 k - 52 poisoned needles
 p - 4 javelins
Armour
 z - a +1 robe of cold resistance (worn)
Jewellery
 h - a +3 ring of dexterity
Wands
 i - a wand of disintegration (9/24)
 o - a wand of digging (6/24)
 u - a wand of acid (1/15)
Scrolls
 g - 2 scrolls of magic mapping
 s - 3 scrolls of recharging
 w - a scroll of random uselessness {unknown}
 x - 5 scrolls of fog
 A - a scroll of noise
 E - a scroll of amnesia {unknown}
 G - 2 scrolls of identify
Potions
 n - 3 potions of haste
 v - 2 potions of flight
 C - 3 potions of brilliance
Books
 t - a book of Necromancy

   Spells                             Type                      Level
   a - Pain                           Necromancy                   1
   b - Animate Skeleton               Necromancy                   1
   c - Vampiric Draining              Necromancy                   3
   d - Regeneration                   Charms/Necromancy            3
   e - Animate Dead                   Necromancy                   4
   f - Control Undead                 Necromancy                   4
 y - a book of Changes

   Spells                             Type                      Level
   a - Beastly Appendage              Transmutation                1
   b - Sticks to Snakes               Transmutation                2
   c - Spider Form                    Transmutation/Poison         3
   d - Ice Form                       Ice/Transmutation            4
   e - Blade Hands                    Transmutation                5
Comestibles
 f - 2 bread rations
 l - a meat ration
 H - 7 fruits


   Skills:
 - Level 2.6 Fighting
 * Level 10.8 Maces & Flails
 - Level 4.1 Throwing
 + Level 7.9 Dodging
 - Level 1.0 Stealth


You had 9 spell levels left.
You didn't know any spells.

Dungeon Overview and Level Annotations

Branches:
Dungeon (9/15)             Temple (1/1) D:6
   Lair: D:8-11         Orc: D:9-12

Altars:
Ashenzari
Cheibriados
Dithmenos
Elyvilon
Fedhas
Gozag
Hepliaklqana
Kikubaaqudgha
Makhleb
Nemelex Xobeh
Okawaru
Qazlal
Ru
Sif Muna
Trog
Uskayaw
Vehumet
Wu Jian
Xom
Yredelemnul

Shops:
D:5 ?   D:7 }

Annotations:
D:1 exclusion: gnoll


Innate Abilities, Weirdness & Mutations

You are too large for most types of armour.
You have tough skin. (AC +1)
You have a pair of small antennae on your head.
You are resistant to hostile enchantments. (MR+)


Message History

The rock shatters into small pieces.
Evoking this partially-identified wand wasted a few charges.
* * * LOW HITPOINT WARNING * * *
You feel sick.
There is a stone staircase leading up here.
* * * LOW HITPOINT WARNING * * *
You feel sick.
You climb upwards.
There is a stone staircase leading down here.
Unknown command.
There is a lethal amount of poison in your body!
Unknown command.
Unknown command.
* * * LOW HITPOINT WARNING * * *
You feel sick.
Unknown command.
Your extra speed is starting to run out.
Unknown command.
Unknown command.
You die...

#######.# #.# #.#
#.# #######.#
......#.#
.####.#.##########
.# #.#........>.#
.# #..........#@#
.# ##########.#.#
.## #.#.# ..##
#.#.###### ##.#
#.#......# #.#
#.######.# ##.#
#.# #.# .).# #.#
#.# .#.# #.# #.#


There were no monsters in sight!

Vanquished Creatures
  Erica (D:9)
  A hippogriff (D:8)
  A hungry ghost (D:6)
  2 ice beasts (D:6)
  2 ogres
  A black bear (D:8)
  A sky beast (D:9)
  3 centaurs
  3 bullfrogs
  2 big kobolds (D:8)
  2 wyvern zombies
  3 scorpions
  8 killer bees
  A howler monkey (D:6)
  16 wights
  2 bullfrog zombies
  A centaur zombie (D:5)
  A crimson imp (D:2)
  A jelly (D:8)
  A quasit (D:9)
  3 orc priests
  A bullfrog skeleton (D:6)
  4 iguanas
  4 orc wizards
  A worker ant (D:7)
  A worker ant zombie (D:5)
  7 gnolls
  A howler monkey skeleton (D:7)
  8 adders
  A river rat (D:6)
  3 shadow imps
  An adder zombie (D:7)
  2 adder skeletons
  4 worms
  A dart slug (D:1)
  4 leopard geckos
  17 orcs
  2 ball pythons
  7 giant cockroaches
  4 goblins
  5 hobgoblins
  9 jackals
  4 quokkas
  10 bats
  6 frilled lizards
  16 kobolds
  A leopard gecko zombie (D:6)
  2 quokka skeletons (D:4)
  8 rats
190 creatures vanquished.

Notes
Turn   | Place    | Note
-------+----------+-------------------------------------------
     0 | D:1      | bewbie the Ogre Hunter began the quest for the Orb.
     0 | D:1      | Reached XP level 1. HP: 22/22 MP: 1/1
   520 | D:1      | Reached skill level 1 in Stealth
   786 | D:1      | Reached XP level 2. HP: 29/29 MP: 2/2
   874 | D:1      | Reached skill level 1 in Maces & Flails
  1302 | D:1      | Reached XP level 3. HP: 35/36 MP: 3/3
  1793 | D:2      | Reached skill level 2 in Maces & Flails
  2257 | D:2      | Reached XP level 4. HP: 44/44 MP: 4/4
  2437 | D:2      | Found a radiant altar of Vehumet.
  2762 | D:3      | Found a faded altar of an unknown god.
  3954 | D:3      | Reached skill level 3 in Maces & Flails
  4018 | D:2      | Reached XP level 5. HP: 48/50 MP: 5/5
  5082 | D:4      | Noticed a phantom
  5175 | D:4      | Found a snail-covered altar of Cheibriados.
  5801 | D:3      | Reached skill level 4 in Maces & Flails
  5801 | D:3      | Reached XP level 6. HP: 35/59 MP: 6/6
  6504 | D:5      | Entered Level 5 of the Dungeon
  6623 | D:5      | Found Oxokkuta's Magic Scroll Shoppe.
  6630 | D:5      | Bought a scroll of blinking for 82 gold pieces
  6630 | D:5      | Bought a scroll of recharging for 104 gold pieces
  7184 | D:4      | Reached skill level 5 in Maces & Flails
  7184 | D:4      | Reached XP level 7. HP: 34/66 MP: 7/7
  8065 | D:6      | Found a shimmering altar of Xom.
  8710 | D:6      | Found a staircase to the Ecumenical Temple.
  8716 | Temple   | Entered the Ecumenical Temple
  8850 | D:6      | Found a shattered altar of Ashenzari.
  9128 | D:6      | Became a worshipper of Ashenzari the Shackled
  9198 | D:6      | Reached skill level 6 in Maces & Flails
  9436 | D:6      | Reached XP level 8. HP: 74/74 MP: 8/8
  9519 | D:6      | Reached skill level 5 in Dodging
 10872 | D:7      | Reached skill level 7 in Maces & Flails
 12230 | D:8      | Reached skill level 8 in Maces & Flails
 12267 | D:8      | Reached XP level 9. HP: 51/80 MP: 9/9
 13554 | D:7      | Found Vutaut's Gadget Boutique.
 13632 | D:7      | Reached skill level 9 in Maces & Flails
 14136 | D:8      | Found an iron altar of Okawaru.
 14745 | D:8      | Reached skill level 10 in Maces & Flails
 15184 | D:9      | Reached XP level 10. HP: 84/88 MP: 10/10
 15686 | D:9      | Noticed Erica
 15707 | D:9      | Killed Erica
 15710 | D:9      | HP: 4/88 [poisoned by Erica (bolt of poison)]
 15713 | D:9      | Gained mutation: You have a pair of small antennae on your head. [potion of mutation]
 15713 | D:9      | Gained mutation: You are resistant to hostile enchantments. (MR+) [potion of mutation]
 15715 | D:9      | HP: 3/88 [poisoned by Erica (bolt of poison)]
 15720 | D:9      | HP: 2/88 [poisoned by Erica (bolt of poison)]
 15727 | D:9      | HP: 1/88 [poisoned by Erica (bolt of poison)]
 15737 | D:8      | Succumbed to Erica's bolt of poison

Vault maps used:
D:1:      eino_arrival_cavern_c, hangedman_glass_teeth
D:2:      fiery_altar_vehumet
D:3:      chequers_ecumenical_altar_island
D:4:      lemuel_coloured_pillars_altar
D:5:      serial_shops, nicolae_shop_competitors_out_of_business, first_bread,
          hangedman_decor_riveting
D:6:      nicolae_ashenzari_panopticon, xom_teletrap_fun,
          minmay_temple_entry_hall, st_stairs_6, roderic_lattice_a
D:7:      serial_shops, kennysheep_little_box
D:8:      okawaru_gym_becter
D:9:      gammafunk_temple_overflow_elements, uniq_erica
Temple:   regret_index_temple_waves

Skill      XL: |  1  2  3  4  5  6  7  8  9 |
---------------+----------------------------+-----
Stealth        | 1 |  1.0
Maces & Flails | 1 2 3 4 5 6 8 10 | 10.8
Dodging        | 2 3 4 6 7 |  7.9
Fighting       | |  2.6
Throwing       | |  4.1

Action                   |  1- 3 |  4- 6 |  7- 9 | 10-12 || total
-------------------------+-------+-------+-------+-------++-------
Melee: Short sword       |   120 |   229 |       |       ||   349
       Flail             |       |    63 |   469 |    65 ||   597
       Whip              |       |       |    19 |       ||    19
       Mace              |       |       |    13 |       ||    13
 Fire: Hunting sling     |     4 |       |       |       ||     4
Throw: Stone             |    59 |   109 |    85 |     6 ||   259
       Javelin           |       |    20 |    28 |       ||    48
       Tomahawk          |       |    14 |     5 |       ||    19
       Throwing net      |       |     3 |     1 |       ||     4
       Large rock        |       |       |     7 |       ||     7
Invok: Curse Item        |       |       |       |     1 ||     1
Evoke: Wand              |       |       |     9 |     2 ||    11
  Use: Scroll            |       |     8 |     5 |     2 ||    15
       Potion            |       |     1 |    11 |     5 ||    17
 Stab: Sleeping          |       |     3 |       |       ||     3
  Eat: Chunk             |     4 |    16 |     6 |       ||    26
       Meat ration       |       |       |     3 |       ||     3
       Bread ration      |       |       |     2 |       ||     2
       Fruit             |       |       |     1 |       ||     1
Armor: Robe              |    40 |    81 |   152 |    12 ||   285
       Skin              |       |       |   107 |       ||   107
Dodge: Dodged            |    59 |   144 |   295 |    28 ||   526
